 Dungeon Crawl Stone Soup version 0.29-a0-23-ga79f92ac9c (webtiles) character file.

Game seed: 13898257302307586998

62 HallandMoats the Skirmisher (level 4, -3/31 HPs)
             Began as an Octopode Fighter on Jan 31, 2022.
             Slain by a sky beast (5 damage)
             ... on level 3 of the Dungeon.
             The game lasted 00:02:01 (1745 turns).

HallandMoats the Skirmisher (Octopode Fighter)      Turns: 1745, Time: 00:02:02

Health: -3/31      AC:  1    Str: 15    XL:     4   Next: 8%
Magic:  5/5        EV: 13    Int: 10    God:
Gold:   82         SH:  4    Dex: 13    Spells: 3/3 levels left

rFire   . . .      SeeInvis .   a - +0 trident
rCold   . . .      Faith    .   b - +0 buckler
rNeg    . . .      Spirit   .   (helmet restricted)
rPois   .          Reflect  .   h - amulet of the acrobat
rElec   .          Harm     .   e - ring of wizardry
rCorr   .          Rampage  .   (no ring)
Will    .....                   (no ring)
Stlth   ++........              (no ring)
HPRegen 0.10/turn               (no ring)
MPRegen 0.09/turn               (no ring)
                                (no ring)
                                (no ring)

@: no status effects
A: almost no armour, amphibious, 8 rings, camouflage 1, gelatinous body 1,
(nimble swimmer 1), tentacles
a: no special abilities


You were on level 3 of the Dungeon.
You visited 1 branch of the dungeon, and saw 3 of its levels.

You collected 82 gold pieces.

Inventory:

Hand Weapons
 a - a +0 trident (weapon)
Armour
 b - a +0 buckler (worn)
Jewellery
 e - a ring of wizardry (left tentacle)
 h - an amulet of the acrobat (around mantle)
Scrolls
 d - a scroll of magic mapping {unknown}
Potions
 c - a potion of might
 f - a potion of attraction {unknown}
 g - a potion of mutation {unknown}


   Skills:
 * Level 3.4 Fighting
 * Level 2.8 Polearms
 + Level 3.2 Dodging
 + Level 3.3 Shields
 * Level 1.6 Invocations


You had 3 spell levels left.
You didn't know any spells.
Your spell library contained the following spells:

 Spells                   Type           Power      Damage    Failure   Level
 Foxfire                  Conj/Fire      0%         2x1d4     21%         1
 Blink                    Tloc           0%         N/A       28%         2
 Dazzling Flash           Conj/Hex       0%         N/A       50%         3
 Lesser Beckoning         Tloc           0%         N/A       50%         3
 Portal Projectile        Hex/Tloc       0%         N/A       50%         3
 Manifold Assault         Tloc           0%         N/A       99%         5
 Summon Mana Viper        Hex/Summ       0%         N/A       99%         5
 Conjure Ball Lightning   Conj/Air       0%         3x3d6     100%        6
 Discord                  Hex            0%         N/A       100%        8
 Disjunction              Tloc           0%         N/A       100%        8


Dungeon Overview and Level Annotations

Branches:
Dungeon (3/15)

Altars:

Shops:
D:2 =


Innate Abilities, Weirdness & Mutations

You cannot wear most types of armour.
You are amphibious.
You can wear up to eight rings at the same time.
Your skin changes colour to match your surroundings (Stealth+).
Your rubbery body absorbs attacks. (AC +1, EV +1)
((You are camouflaged when in or above water. (Stealth+)))
You have tentacles for arms and can constrict up to eight enemies at once.


Message History

You block the sky beast's attack.
You barely miss the sky beast. Your squeeze misses the sky beast.
The sky beast is moderately wounded.
The sky beast hits you. The sky beast shocks you.
You hit the sky beast. Your squeeze misses the sky beast.
The sky beast is heavily wounded.
The sky beast hits you but does no damage.
You hit the sky beast. Your squeeze misses the sky beast.
The sky beast is severely wounded.
The sky beast barely misses you.
You closely miss the sky beast. You squeeze the sky beast.
The sky beast is almost dead.
The sky beast misses you. The sky beast hits you. The sky beast shocks you.
You are too injured to fight recklessly!
You are too injured to fight recklessly!
You are too injured to fight recklessly!
You are too injured to fight recklessly!
You are too injured to fight recklessly!
You are too injured to fight recklessly!
You closely miss the sky beast. You tentacle-slap the sky beast.
The sky beast is almost dead.
The sky beast hits you.
* * * LOW HITPOINT WARNING * * *
The sky beast shocks you.
* * * LOW HITPOINT WARNING * * *
You barely miss the sky beast.
The sky beast is almost dead.
The sky beast completely misses you.
You barely miss the sky beast.
You squeeze the sky beast, but do no damage.
The sky beast is almost dead.
The sky beast barely misses you.
You hit the sky beast but do no damage. Your squeeze misses the sky beast.
The sky beast is almost dead.
The sky beast flickers out of sight!
Deactivating autopickup; reactivate with Ctrl-A.
Something hits you.
* * * LOW HITPOINT WARNING * * *
Something shocks you.
You die...

#.........#....>.
########..#..###
..........#..#
#######...#..#
####...#..#
#.........#
#.........#
##(........#
........@..##
..####..{### ..
#...# ##.## #.#
#. .. ..


There were no monsters in sight!

Vanquished Creatures
  2 adders (D:2)
  A worm (D:2)
  A dart slug (D:3)
  A ball python (D:2)
  5 endoplasms
  A giant cockroach (D:2)
  5 goblins
  5 hobgoblins
  2 quokkas (D:3)
  5 bats
  5 kobolds
  A rat (D:1)
34 creatures vanquished.

Notes
Turn   | Place    | Note
-------+----------+-------------------------------------------
     0 | D:1      | HallandMoats the Octopode Fighter began the quest for the
                  | Orb.
     0 | D:1      | Reached XP level 1. HP: 16/16 MP: 1/1
    32 | D:1      | You fall into a shaft and drop 1 floor!
   352 | D:1      | Reached XP level 2. HP: 21/21 MP: 2/2
   420 | D:1      | Reached skill level 1 in Invocations
  1070 | D:2      | Reached XP level 3. HP: 25/26 MP: 3/3
  1125 | D:2      | Found Zyarr's One-of-a-Kind Rings.
  1196 | D:2      | Got the Handbook of Ensnaring Heat
  1525 | D:3      | Identified the +2 cloak of Cohiniukh {rC+ Will- Int+5
                  | Stlth+}
  1581 | D:3      | Reached XP level 4. HP: 24/31 MP: 5/5
  1733 | D:3      | Noticed a sky beast
  1745 | D:3      | Slain by a sky beast

Illustrated notes

Levels and vault maps discovered:
D:1:      dpeg_arrival_snail, layout_basic
D:2:      layout_rooms, nicolae_shop_unique_rings,
          nicolae_concentric_dashed_squares_wild
D:3:      layout_loops_ring, gup_sewer_entry_spiral, minmay_misc_feat_rows

Skill      XL: |  1  2 |
---------------+-------+-----
Invocations    | 1 |  1.6
Fighting       | |  3.4
Polearms       | |  2.8
Dodging        | |  3.2
Shields        | |  3.3

Action                   |  1- 3 |  4- 6 || total
-------------------------+-------+-------++-------
Melee: Trident           |    65 |    18 ||    83
       Constrict         |    12 |     1 ||    13
       Tentacles         |    13 |     2 ||    15
       Punch             |       |     1 ||     1
  Use: Scroll            |     1 |       ||     1
 Stab: Sleeping          |     8 |       ||     8
Armor: Skin              |     5 |     2 ||     7
Dodge: Dodged            |    30 |     5 ||    35
Block: Buckler           |     9 |     3 ||    12

Table legend: (Time is in decaauts)
 A = Elapsed time spent in this place.
 B = Non-inter-level travel time spent in this place.
 C = Inter-level travel time spent in this place.
 D = Time resting spent in this place.
 E = Time spent auto-exploring this place.
 F = Levels seen in this place.
 G = Mean time per level.
                   A        B        C        D        E       F      G
               +--------+--------+--------+--------+--------+-----+--------+
         Total |   1763 |   1706 |     57 |      0 |   1430 |   3 |  587.7 |
       Dungeon |   1763 |   1706 |     57 |      0 |   1430 |   3 |  587.7 |
               +--------+--------+--------+--------+--------+-----+--------+

Top non-repeatable levels by time:
     D:1: 912 daAuts
     D:2: 571 daAuts
     D:3: 280 daAuts
